 Dungeon Crawl Stone Soup version 0.28-b1-25-g9875b3fc8c (webtiles) character file.

Game seed: 6521070518494795489

147 raph the Spear-Bearer (level 5, 0/38 HPs)
             Began as a Merfolk Gladiator on Feb 5, 2022.
             Succumbed to an orc wizard's poison
             ... on level 3 of the Dungeon.
             The game lasted 00:05:15 (2097 turns).

raph the Spear-Bearer (Merfolk Gladiator)           Turns: 2097, Time: 00:05:16

Health: 0/38       AC:  4    Str: 14    XL:     5   Next: 29%
Magic:  5/5        EV: 13    Int:  8    God:
Gold:   32         SH:  0    Dex: 17    Spells: 4/4 levels left

rFire   . . .      SeeInvis .   a - +0 trident
rCold   . . .      Faith    .   (no shield)
rNeg    . . .      Spirit   .   b - +0 leather armour
rPois   .          Reflect  .   c - +0 helmet
rElec   .          Harm     .   (no cloak)
rCorr   .          Rampage  .   (no gloves)
Will    .....                   (no boots)
Stlth   +.........              (no amulet)
HPRegen 0.12/turn               (no ring)
MPRegen 0.09/turn               (no ring)

@: brilliant, lethally poisoned (0 -> -10)
A: (nimble swimmer 2), mertail
a: no special abilities


You were on level 3 of the Dungeon.
You visited 1 branch of the dungeon, and saw 3 of its levels.

You collected 97 gold pieces.
You spent 65 gold pieces at shops.

Inventory:

Hand Weapons
 a - a +0 trident (weapon)
Missiles
 d - 2 throwing nets (quivered)
 f - 2 silver javelins
Armour
 b - a +0 leather armour (worn)
 c - a +0 helmet (worn)
Jewellery
 j - a +4 ring of slaying
Wands
 m - a wand of charming (12)
Potions
 g - a potion of curing {unknown}
 h - a potion of might {unknown}
 k - a potion of ambrosia {unknown}
 l - a potion of lignification {unknown}


   Skills:
 - Level 2.1 Fighting
 + Level 8.4 Polearms
 - Level 2.0 Throwing
 - Level 4.0 Dodging


You had 4 spell levels left.
You didn't know any spells.
Your spell library contained the following spells:

 Spells                   Type           Power      Damage    Failure   Level
 Inner Flame              Hex/Fire       0%         N/A       86%         3
 Cause Fear               Hex            0%         N/A       99%         4
 Discord                  Hex            0%         N/A       100%        8


Dungeon Overview and Level Annotations

Branches:
Dungeon (3/15)

Altars:
Cheibriados

Shops:
D:2 :   D:3 [=(!


Innate Abilities, Weirdness & Mutations

((You are very nimble when in or above water. (Stealth+, EV+, Speed+++)))
Your lower body shifts to a powerful aquatic tail in water.


Message History

Throw: javelin
Press: ? - help, Shift-Dir - straight line, f/p - orc wizard
Aim: an orc wizard, wielding a +0 dagger of venom and wearing a +0 robe (55% to hit)
You throw a javelin.
The javelin pierces through the orc wizard!
The orc wizard is almost dead.
You hit the orc wizard but do no damage.
The orc wizard is almost dead.
The orc wizard hits you with a +0 dagger of venom.
You are poisoned.
You barely miss the orc wizard.
The orc wizard is almost dead.
You feel sick.
The orc wizard hits you with a +0 dagger of venom.
You are more poisoned.
You closely miss the orc wizard.
The orc wizard is almost dead.
You feel very sick.
The orc wizard hits you with a +0 dagger of venom.
You are lethally poisoned!
You hit the orc wizard.
You kill the orc wizard!
You feel very sick.
Throw: 3 throwing nets
Press: ? - help, Q - select action, (/) - cycle Shift-Dir - straight line, f - orc
Aim: an orc, wielding a +0 short sword (62% to hit)
You throw a throwing net. The throwing net hits the orc.
The orc is caught in the net!
* * * LOW HITPOINT WARNING * * *
You feel very sick.
The orc struggles against the net.
* * * LOW HITPOINT WARNING * * *
You feel very sick.
The orc struggles against the net.
* * * LOW HITPOINT WARNING * * *
You feel very sick.
The orc struggles against the net.
It was a potion of brilliance.
You feel clever all of a sudden.
You die...

##...)###.#. # # ##.#.#
#.##.## #.#o# .......
#.#∩# .# #.##.## #.#.#
.. # # # #.#)# .#.# ## #
#.#.# b#.#.##.## ### #.#
..... #... ...#@# #.#.##
####
###.#.######....######
#.#.≈≈≈.........#.......
#..≈≈≈≈†####.#....###.##
#..≈≈.≈≈_#........###.##
##.≈≈≈≈≈####............
##.≈≈≈## #.....####.##
##### ###.######.#
#.........#


You could see an orc (caught).

Vanquished Creatures
  2 orc wizards (D:3)
  4 adders
  2 dart slugs
  4 orcs (D:3)
  4 ball pythons
  3 bats
  4 endoplasms
  10 giant cockroaches
  4 goblins
  4 hobgoblins
  5 kobolds
  3 frilled lizards
  A rat (D:1)
50 creatures vanquished.

Notes
Turn   | Place    | Note
-------+----------+-------------------------------------------
     0 | D:1      | raph the Merfolk Gladiator began the quest for the Orb.
     0 | D:1      | Reached XP level 1. HP: 16/16 MP: 1/1
   137 | D:1      | Reached skill level 5 in Polearms
   148 | D:1      | Reached XP level 2. HP: 22/22 MP: 2/2
   693 | D:2      | Reached skill level 6 in Polearms
   693 | D:2      | Reached XP level 3. HP: 27/27 MP: 3/3
   703 | D:2      | Found Nadoivy's Book Boutique.
  1240 | D:3      | Found Yheumib's Distillery.
  1247 | D:3      | Bought a potion of heal wounds for 65 gold pieces
  1398 | D:3      | Found Vesmut's Weapon Shoppe.
  1400 | D:3      | Found Riellob's Jewellery Shoppe.
  1412 | D:3      | Reached skill level 7 in Polearms
  1412 | D:3      | Reached XP level 4. HP: 21/33 MP: 4/4
  1937 | D:3      | Found Iwusuamu's Antique Armour Boutique.
  1940 | D:3      | Reached skill level 8 in Polearms
  1940 | D:3      | Found a snail-covered altar of Cheibriados.
  2062 | D:3      | Reached XP level 5. HP: 26/38 MP: 5/5
  2097 | D:3      | Succumbed to an orc wizard's poison

Illustrated notes

Levels and vault maps discovered:
D:1:      mrwooster_arrival_statue, layout_loops_cross, minivault_11,
          minmay_worlds_worst_comb
D:2:      layout_basic, serial_shops, shop
D:3:      layout_loops_ring, kennysheep_slug_shrine, serial_shops, shop, shop,
          shop, shop, nicolae_shop_crystal

Skill      XL: |  1  2  3  4 |
---------------+-------------+-----
Polearms       | 5 6 7 8 |  8.4
Fighting       | |  2.1
Throwing       | |  2.0
Dodging        | |  4.0

Action                   |  1- 3 |  4- 6 || total
-------------------------+-------+-------++-------
Melee: Trident           |   104 |    51 ||   155
       Punch             |     1 |       ||     1
Throw: Javelin           |       |     4 ||     4
       Throwing net      |       |     1 ||     1
  Use: Scroll            |     1 |     1 ||     2
       Potion            |       |     2 ||     2
 Stab: Sleeping          |     7 |       ||     7
Armor: Leather armour    |    21 |     6 ||    27
Dodge: Dodged            |    51 |    23 ||    74
